 Dungeon Crawl Stone Soup version 0.22.0-16-gc6d26f69f9 (webtiles) character file.

124 IceCat the Vexing (level 5, -4/40 HPs)
             Began as a Gnoll Arcane Marksman on Aug 17, 2018.
             Killed from afar by an orc wizard (8 damage)
             ... with a magic dart
             ... on level 3 of the Dungeon.
             The game lasted 00:04:21 (1759 turns).

IceCat the Vexing (Gnoll Arcane Marksman)           Turns: 1759, Time: 00:04:21

Health: -4/40      AC:  6    Str: 13    XL:     5   Next: 8%
Magic:  9/9        EV: 12    Int: 15    God:
Gold:   138        SH:  0    Dex: 16    Spells: 9/10 levels left

rFire    . . .     SeeInvis .   a - +0 hunting sling
rCold    . . .     Gourm    .   (no shield)
rNeg     . . .     Faith    .   k - +0 ring mail
rPois    .         Spirit   .   n - +0 helmet
rElec    .         Reflect  .   (no cloak)
rCorr    .         Harm     .   (no gloves)
MR       .....                  (no boots)
Stlth    +.........             (no amulet)
HPRegen  0.13/turn              (no ring)
MPRegen  0.11/turn              (no ring)

@: drained
A: distributed training, fangs 1, strong nose
a: no special abilities


You were on level 3 of the Dungeon.
You were not hungry.

You visited 1 branch of the dungeon, and saw 3 of its levels.

You collected 138 gold pieces.

Inventory:

Hand Weapons
 a - a +0 hunting sling (weapon)
Missiles
 c - 66 stones (quivered)
Armour
 e - a +0 robe
 k - a +0 ring mail (worn)
 n - a +0 helmet (worn)
Jewellery
 b - a +4 ring of evasion {unknown}
Scrolls
 h - 3 scrolls of identify {unknown}
 i - a scroll of blinking {unknown}
 j - a scroll of remove curse {unknown}
 l - a scroll of enchant weapon {unknown}
 m - a scroll of fog {unknown}
Potions
 g - 2 potions of cancellation {unknown}
Comestibles
 f - 4 rations


   Skills:
 + Level 2.8(1.9) Fighting
 + Level 1.3(0.4) Short Blades
 + Level 1.3(0.4) Long Blades
 + Level 1.3(0.4) Axes
 + Level 1.3(0.4) Maces & Flails
 + Level 1.3(0.4) Polearms
 + Level 1.3(0.4) Staves
 + Level 4.7(3.7) Slings
 + Level 1.3(0.4) Bows
 + Level 1.3(0.4) Crossbows
 + Level 1.3(0.4) Throwing
 + Level 1.3(0.4) Armour
 + Level 4.7(3.7) Dodging
 + Level 1.3(0.4) Stealth
 + Level 1.3(0.4) Shields
 + Level 1.3(0.4) Unarmed Combat
 + Level 3.1(2.1) Spellcasting
 + Level 1.0(0.1) Conjurations
 + Level 5.5(4.5) Hexes
 + Level 1.0(0.1) Charms
 + Level 1.0(0.1) Summonings
 + Level 1.0(0.1) Necromancy
 + Level 1.0(0.1) Translocations
 + Level 1.0(0.1) Transmutations
 + Level 1.0(0.1) Fire Magic
 + Level 1.0(0.1) Ice Magic
 + Level 1.0(0.1) Air Magic
 + Level 1.0(0.1) Earth Magic
 + Level 1.0(0.1) Poison Magic
 + Level 1.4(0.5) Invocations
 + Level 1.3(0.4) Evocations


You had 9 spell levels left.
You knew the following spells:

 Your Spells              Type           Power        Failure   Level  Hunger
a - Corona                Hex            ###....      8%          1    #......

Your spell library contained the following spells:

 Spells                   Type           Power        Failure   Level  Hunger
 Cause Fear               Hex            ###.......   58%         4    #####..
 Slow                     Hex            ###.....     11%         2    ###....
 Portal Projectile        Hex/Tloc       #.....       47%         3    ###....
 Leda's Liquefaction      Hex/Erth       #.........   87%         4    #####..
 Inner Flame              Hex/Fire       #.......     47%         3    ###....


Dungeon Overview and Level Annotations

Branches:
Dungeon (3/15)

Altars:
Makhleb


Innate Abilities, Weirdness & Mutations

Your experience applies equally to all skills.
You have very sharp teeth.
Your uncanny sense of smell can sniff out nearby items.


Message History

Press: ? - help, Shift-Dir - straight line, f/p - orc wizard
Aim: an orc wizard, wielding a dagger of draining and wearing a robe (heavily wounded)
You shoot a stone. The stone barely misses the orc wizard.
The orc wizard casts a spell.
The orc wizard blinks!
Firing (i - inventory)
c - 68 stones (quivered)
Press: ? - help, Shift-Dir - straight line, f/p - orc wizard
Aim: an orc wizard, wielding a dagger of draining and wearing a robe (heavily wounded)
You shoot a stone.
The stone hits the orc wizard but does no damage.
The orc wizard is heavily wounded.
The orc wizard casts a spell.
The orc wizard seems to speed up.
Firing (i - inventory)
c - 67 stones (quivered)
Press: ? - help, Shift-Dir - straight line, f/p - orc wizard
Aim: an orc wizard, wielding a dagger of draining and wearing a robe (heavily wounded, fast)
You shoot a stone. The stone misses the orc wizard.
The orc wizard gestures at you while chanting.
The magic dart hits you!
You die...

#...#.# #.....
#..... ..$.. ...#
#..# #############
#..#
#........(.o######.#
#........((((.@§)((#
#........(..######)#
##.##########
#..(.....# ##...##
∆..h.....o....
##†....##
K.........o..o.
#)......# ∆
.......##.#####
...._.....# #######
.# #.......### .#
##.....## .#


You could see an orc wizard.

Vanquished Creatures
  A hound (D:3)
  An orc wizard (D:3)
  2 oozes
  A worm (D:2)
  A dart slug (D:1)
  3 leopard geckos (D:1)
  2 orcs (D:3)
  A goblin (D:1)
  3 hobgoblins
  4 jackals (D:2)
  8 bats
  3 frilled lizards
  3 kobolds
  7 rats
40 creatures vanquished.

Vanquished Creatures (others)
  An orc wizard (D:3)
1 creature vanquished.

Grand Total: 41 creatures vanquished

Notes
Turn   | Place    | Note
-------+----------+-------------------------------------------
     0 | D:1      | IceCat the Gnoll Arcane Marksman began the quest for the Orb.
     0 | D:1      | Reached XP level 1. HP: 17/17 MP: 4/4
    70 | D:1      | Reached XP level 2. HP: 14/23 MP: 5/5
   348 | D:1      | Reached XP level 3. HP: 24/28 MP: 7/7
   908 | D:2      | Reached skill level 1 in Invocations
  1659 | D:3      | Found a burning altar of Makhleb.
  1727 | D:3      | Reached skill level 1 in Short Blades
  1727 | D:3      | Reached skill level 1 in Long Blades
  1727 | D:3      | Reached skill level 1 in Axes
  1727 | D:3      | Reached skill level 1 in Maces & Flails
  1727 | D:3      | Reached skill level 1 in Polearms
  1727 | D:3      | Reached skill level 1 in Staves
  1727 | D:3      | Reached skill level 1 in Bows
  1727 | D:3      | Reached skill level 1 in Crossbows
  1727 | D:3      | Reached skill level 1 in Throwing
  1727 | D:3      | Reached skill level 1 in Armour
  1727 | D:3      | Reached skill level 1 in Stealth
  1727 | D:3      | Reached skill level 1 in Shields
  1727 | D:3      | Reached skill level 1 in Unarmed Combat
  1727 | D:3      | Reached skill level 1 in Evocations
  1734 | D:3      | Reached XP level 4. HP: 17/34 MP: 8/8
  1735 | D:3      | Reached skill level 1 in Conjurations
  1735 | D:3      | Reached skill level 1 in Charms
  1735 | D:3      | Reached skill level 1 in Summonings
  1735 | D:3      | Reached skill level 1 in Necromancy
  1735 | D:3      | Reached skill level 1 in Translocations
  1735 | D:3      | Reached skill level 1 in Transmutations
  1735 | D:3      | Reached skill level 1 in Fire Magic
  1735 | D:3      | Reached skill level 1 in Ice Magic
  1735 | D:3      | Reached skill level 1 in Air Magic
  1735 | D:3      | Reached skill level 1 in Earth Magic
  1735 | D:3      | Reached skill level 1 in Poison Magic
  1746 | D:3      | Reached XP level 5. HP: 9/40 MP: 9/9
  1759 | D:3      | Killed from afar by an orc wizard

Skill      XL: |  1  2  3  4 |
---------------+-------------+-----
Invocations    | 1 |  1.4
Short Blades   | 1 |  1.3
Long Blades    | 1 |  1.3
Axes           | 1 |  1.3
Maces & Flails | 1 |  1.3
Polearms       | 1 |  1.3
Staves         | 1 |  1.3
Bows           | 1 |  1.3
Crossbows      | 1 |  1.3
Throwing       | 1 |  1.3
Armour         | 1 |  1.3
Stealth        | 1 |  1.3
Shields        | 1 |  1.3
Unarmed Combat | 1 |  1.3
Evocations     | 1 |  1.3
Spellcasting   | 3 |  3.1
Conjurations   | 1 |  1.0
Charms         | 1 |  1.0
Summonings     | 1 |  1.0
Necromancy     | 1 |  1.0
Translocations | 1 |  1.0
Transmutations | 1 |  1.0
Fire Magic     | 1 |  1.0
Ice Magic      | 1 |  1.0
Air Magic      | 1 |  1.0
Earth Magic    | 1 |  1.0
Poison Magic   | 1 |  1.0
Fighting       | |  2.8
Slings         | |  4.7
Dodging        | |  4.7
Hexes          | |  5.5

Action                   |  1- 3 |  4- 6 || total
-------------------------+-------+-------++-------
 Fire: Hunting sling     |   126 |    25 ||   151
 Cast: Corona            |     1 |       ||     1
  Eat: Ration            |     1 |       ||     1
Armor: Robe              |     5 |       ||     5
       Ring mail         |     6 |     3 ||     9
Dodge: Dodged            |    26 |     6 ||    32
